Map: Oxide LE

Players

SKillous

  • Race: Protoss Protoss
  • League: Grandmaster
  • Spawn Location: 1:00

Lambo - Winner!

  • Race: Zerg Zerg
  • League: Grandmaster
  • Spawn Location: 7:00

Event: StayAtHome Story Cup #3

VOD

Have the link to the VOD?

Description

Time

  • Played on: March 11, 2021, 10:32 a.m.
  • Length: 9:44

All games in this series

Show
View Real Time Build Order
Export as new Build Order

SKillous Protoss 

Build Orders: 1 Gate Expand, Oracle Opening 

Get SALT Encoding   

  12  0:00  Probe  
  13  0:12  Probe  
  14  0:19  Pylon  
  14  0:24  Probe  
  14  0:27  Assimilator  
  15  0:37  Probe (Chrono Boost)  
  15  0:42  Gateway  
  16  0:48  Probe (Chrono Boost)  
  17  0:52  Probe (Chrono Boost)  
  19  1:04  Probe  
  19  1:16  Probe  
  20  1:24  Nexus  
  20  1:34  Cybernetics Core  
  20  1:36  Probe  
  21  1:42  Assimilator  
  21  1:48  Probe  
  21  1:51  Pylon  
  22  2:00  Probe  
  23  2:07  Adept (Chrono Boost)  
  23  2:12  Warp Gate  
  23  2:13  Probe  
  26  2:24  Stargate  
  26  2:25  Probe (Chrono Boost)  
  26  2:27  Stalker (Chrono Boost)  
  27  2:36  Probe (Chrono Boost)  
  30  2:43  Probe (Chrono Boost)  
  31  2:45  Probe (Chrono Boost)  
  31  2:50  Probe x2 (Chrono Boost)  
  34  3:00  Gateway  
  34  3:01  Probe  
  34  3:02  Probe  
  34  3:05  Oracle (Chrono Boost)  
  39  3:13  Probe  
  39  3:14  Probe  
  39  3:16  Pylon  
  39  3:19  Adept  
  43  3:25  Probe  
  43  3:26  Probe  
  45  3:35  Oracle  
  45  3:37  Probe  
  45  3:38  Probe  
  50  3:43  Pylon  
  50  3:45  Assimilator  
  50  3:47  Assimilator  
  50  3:49  Probe  
  50  3:51  Probe  
  50  3:55  Robotics Facility  
  52  4:00  Adept  
  52  4:01  Adept  
  52  4:02  Probe  
  57  4:03  Probe  
  57  4:06  Pylon  
  58  4:14  Probe  
  58  4:15  Probe  
  60  4:26  Probe (Chrono Boost)  
  60  4:27  Nexus  
  60  4:28  Pylon  
  62  4:32  Probe (Chrono Boost)  
  62  4:38  Probe (Chrono Boost)  
  63  4:39  Sentry x2  
  63  4:45  Probe x2 (Chrono Boost)  
  69  4:52  Probe  
  69  4:53  Probe  
  69  4:54  Shield Battery  
  69  4:56  Immortal  
  69  4:57  Pylon  
  75  5:04  Probe  
  75  5:05  Probe  
  77  5:09  Twilight Council, Forge  
  77  5:16  Probe  
  77  5:17  Probe  
  79  5:24  Gateway x2  
  79  5:28  Probe  
  79  5:29  Probe  
  81  5:36  Immortal  
  81  5:39  Probe (Chrono Boost)  
  81  5:40  Gateway  
  86  5:48  Protoss Ground Weapons Level 1  
  86  5:49  Probe (Chrono Boost), Blink  
  87  5:50  Probe (Chrono Boost)  
  87  5:52  Gateway  
  87  5:57  Sentry x2  
  91  5:58  Probe (Chrono Boost)  
  91  5:59  Probe x2 (Chrono Boost)  
  91  6:03  Probe (Chrono Boost), Pylon  
  95  6:05  Probe, Assimilator  
  98  6:12  Assimilator  
  98  6:14  Pylon  
  97  6:20  Immortal  
  97  6:21  Robotics Bay  
  97  6:25  Shield Battery  
  101  6:27  Shield Battery  
  101  6:29  Shield Battery  
  101  6:31  Pylon  
  101  6:32  Stalker x2  
  105  6:35  Shield Battery  
  105  6:36  Sentry x2  
  105  6:37  Sentry  
  111  6:48  Stalker  
  110  6:54  Gateway  
  110  6:56  Gateway, Pylon, Stalker  
  110  6:58  Pylon  
  110  6:59  Sentry  
  110  7:00  Stalker  
  114  7:01  Zealot  
  114  7:02  Zealot  
  110  7:10  Disruptor  
  102  7:16  Stalker  
  92  7:23  Zealot x3  
Show
View Real Time Build Order
Export as new Build Order

Lambo Zerg - Winner!

Build Orders: Hatch First 

Get SALT Encoding   

  12  0:00  Drone  
  13  0:12  Overlord  
  13  0:17  Drone  
  14  0:30  Drone x2  
  16  0:48  Hatchery  
  15  0:51  Drone  
  15  0:54  Drone  
  17  0:57  Drone  
  18  1:07  Extractor  
  17  1:13  Spawning Pool  
  17  1:16  Drone  
  17  1:19  Drone  
  18  1:28  Drone  
  19  1:39  Drone  
  20  1:53  Overlord  
  20  2:00  Queen x2, Zergling x2  
  20  2:01  Zergling x2  
  26  2:11  Drone x2  
  28  2:21  Drone  
  29  2:25  Hatchery  
  29  2:27  Drone  
  29  2:34  Metabolic Boost  
  29  2:35  Drone  
  30  2:37  Drone  
  30  2:43  Drone  
  32  2:46  Overlord  
  32  2:52  Queen  
  32  2:54  Drone  
  32  2:57  Drone  
  36  3:05  Drone  
  36  3:06  Drone  
  36  3:11  Drone x2, Queen  
  42  3:14  Overlord  
  42  3:18  Drone  
  43  3:20  Drone  
  44  3:32  Queen  
  44  3:34  Drone  
  47  3:37  Drone x2, Queen  
  47  3:40  Drone  
  52  3:42  Zergling x2  
  52  3:43  Zergling x2  
  52  3:45  Roach Warren  
  52  3:47  Drone  
  52  3:48  Drone  
  55  3:51  Drone  
  55  3:54  Drone  
  57  3:58  Drone  
  58  4:03  Overlord  
  58  4:11  Overlord  
  58  4:13  Zergling x2, Spore Crawler  
  58  4:16  Spore Crawler  
  58  4:17  Zergling x2  
  58  4:24  Zergling x4, Spore Crawler  
  58  4:25  Zergling x2  
  58  4:29  Zergling x4  
  58  4:30  Drone x7  
  69  4:33  Lair  
  69  4:37  Extractor, Drone x2  
  70  4:41  Drone  
  70  4:45  Drone  
  72  4:49  Drone x2  
  72  4:50  Overlord  
  74  4:54  Overlord  
  74  4:57  Overlord  
  74  4:58  Overlord  
  74  4:59  Overlord  
  74  5:00  Overlord  
  74  5:03  Extractor  
  74  5:04  Extractor, Drone x2  
  74  5:05  Extractor, Overlord  
  74  5:07  Overlord  
  73  5:10  Drone x3  
  76  5:15  Drone x2  
  76  5:17  Drone x3  
  83  5:31  Roach x5  
  83  5:32  Glial Reconstitution  
  83  5:35  Overlord  
  93  5:37  Overlord  
  93  5:41  Overlord  
  90  5:47  Queen  
  90  5:49  Roach x5  
  100  5:55  Roach x3  
  106  5:59  Overlord  
  106  6:00  Roach  
  106  6:02  Roach  
  110  6:05  Roach x2  
  110  6:07  Roach  
  110  6:10  Roach  
  118  6:14  Roach x2  
  118  6:17  Ravager x2  
  123  6:20  Roach x2  
  123  6:21  Zergling x4  
  123  6:24  Roach x2  
  133  6:26  Roach  
  133  6:29  Zergling x4  
  133  6:31  Roach  
  138  6:35  Roach x2  
  138  6:36  Zergling x2  
  138  6:37  Ravager  
  138  6:38  Overlord  
  144  6:40  Zergling x2  
  144  6:45  Zergling x6  
  142  6:47  Roach  
  142  6:49  Ravager  
  142  6:51  Zergling x8  
  142  6:54  Ravager  
  150  6:55  Zergling x2  
  150  6:57  Zergling x6  
  154  7:03  Roach  
  154  7:07  Roach x3  
  156  7:11  Zergling x4  
  156  7:14  Zergling x2  
  155  7:18  Roach x2  
  159  7:22  Roach x2  
  159  7:23  Roach  
  159  7:27  Roach x4  
  161  7:30  Roach x2  
  156  7:39  Roach x2  
Tags
 
Add a new tag
Caveats
  • Supply blocks, unpowered buildings, or Contaminate may cause inaccurate times.
  • Supply counts are checked every 10 seconds.